 Dungeon Crawl Stone Soup version 0.31.0-12-g77e489cdc1 (webtiles) character file.

Game seed: 3015984229051833369

317 Gadfly the Shooter (level 6, -1/37 HPs)
             Began as a Kobold Hunter on Feb 14, 2024.
             Slain by a bullfrog (5 damage)
             ... in a sewer.
             The game lasted 00:04:29 (2363 turns).

Gadfly the Shooter (Kobold Hunter)                  Turns: 2363, Time: 00:04:29

Health: -1/37      AC:  3    Str: 10    XL:     6   Next: 73%
Magic:  8/8        EV: 16    Int: 10    God:
Gold:   141        SH:  0    Dex: 19    Spells: 5/5 levels left

rFire   . . .        a - +1 shortbow
rCold   . . .        (shield currently unavailable)
rNeg    . . .        i - +0 robe
rPois   .            n - +1 hat
rElec   .            (no cloak)
rCorr   .            (no gloves)
SInv    .            (no boots)
Will    .....        (no amulet)
Stlth   +++          (no ring)
HPRegen 0.26/turn    (no ring)
MPRegen 0.11/turn

%: no passive effects
@: lethally poisoned (-1 -> -4)
A: small, no large weapons, nightstalker 3
a: no special abilities


You were in a sewer.
You visited 1 branch of the dungeon, and saw 3 of its levels.
You also visited: Sewer.

You collected 141 gold pieces.

Inventory:

Hand Weapons
 a - a +1 shortbow (weapon)
 b - a +0 whip of draining
Armour
 c - a +0 leather armour
 i - a +0 robe (worn)
 n - a +1 hat (worn)
Jewellery
 o - an amulet of faith
Scrolls
 e - a scroll of vulnerability {unknown}
 f - a scroll of butterflies
 h - a scroll of fear {unknown}
 k - a scroll of teleportation
Potions
 d - 2 potions of haste {unknown}
 g - a potion of attraction {unknown}
 j - 2 potions of mutation
 l - 2 potions of berserk rage {unknown}
 m - a potion of might {unknown}
 p - a potion of brilliance {unknown}
 q - a potion of magic {unknown}


   Skills:
 + Level 3.4 Fighting
 + Level 6.2 Ranged Weapons
 + Level 3.5 Dodging
 - Level 1.3 Stealth
 * Level 3.4 Invocations
 * Level 3.7 Evocations


You had 5 spell levels left.
You didn't know any spells.
Your spell library was empty.

Dungeon Overview and Level Annotations

Branches:
Dungeon (3/15)              Sewer (1/1)

Altars:


Innate Abilities, Weirdness & Mutations

You are small and have problems with some larger weapons.
You are completely attuned to the shadows.


Message History

The ball python constricts you.
The ball python bites you but does no damage.
The ball python constricts you.
You escape the ball python's grasp.
The adder barely misses you. The adder misses you.
The adder closely misses you. The adder misses you.
The bullfrog completely misses you. The adder bites you but does no damage.
The bullfrog barely misses you. The adder closely misses you.
The bullfrog releases a deep croak.
The bullfrog closely misses you. The bullfrog misses you. The adder bites you.
You shoot an arrow. The arrow hits the bullfrog!
The bullfrog is heavily wounded.
The bullfrog completely misses you. The bullfrog hits you. The adder bites you.
You are poisoned.
The adder poisons you! The bullfrog misses you. The bullfrog barely misses you.
You shoot an arrow. The arrow hits the bullfrog.
The bullfrog is heavily wounded.
You feel sick. The adder barely misses you. The bullfrog hits you.
The bullfrog hits you! The adder completely misses you. The bullfrog hits you.
The bullfrog hits you!
* * * LOW HITPOINT WARNING * * *
You are too injured to fight recklessly!
You are too injured to fight recklessly!
You are too injured to fight recklessly!
You are too injured to fight recklessly!
You are too injured to fight recklessly!
You are too injured to fight recklessly!
You are too injured to fight recklessly!
You are too injured to fight recklessly!
You are too injured to fight recklessly!
You are too injured to fight recklessly!
You are too injured to fight recklessly!
You are too injured to fight recklessly!
You are too injured to fight recklessly!
You are too injured to fight recklessly!
You are too injured to fight recklessly!
Unknown command.
* * * LOW HITPOINT WARNING * * *
You feel sick. The bullfrog closely misses you. The bullfrog barely misses you.
The bullfrog hits you.
You die...

###################
.#≈≈≈≈≈≈≈~≈≈≈≈≈≈~..###
.~≈≈~~#F@S~≈≈~~≈≈....##
.†~~≈~S#F≈#~~~~≈~~....#
.~≈~~~~SS≈≈~≈~~~~~....#
..≈≈≈≈~≈≈≈≈≈≈~≈~≈.....##
.#~~≈≈≈≈≈≈≈≈≈≈≈≈≈#.....#
#################....#
####...## #..#....#
#..'....#


You could see 2 bullfrogs, 3 adders and a ball python.

Vanquished Creatures
  Sigmund (D:2)
  A bombardier beetle (D:3)
  Jessica (D:2)
  An adder (D:3)
  3 river rats (Sewer)
  3 dart slugs
  12 ball pythons
  6 bats
  7 endoplasms (D:1)
  A giant cockroach (D:1)
  A goblin (D:2)
  3 hobgoblins (D:1)
  3 quokkas
  2 frilled lizards (Sewer)
  7 kobolds
  20 rats
72 creatures vanquished.

Notes
Turn   | Place    | Note
-------+----------+-------------------------------------------
     0 | D:1      | Gadfly the Kobold Hunter began the quest for the Orb.
     0 | D:1      | Reached XP level 1. HP: 12/12 MP: 1/1
   202 | D:1      | Reached XP level 2. HP: 17/17 MP: 2/2
   207 | D:1      | Reached skill level 1 in Evocations
   259 | D:1      | Reached skill level 1 in Invocations
   390 | D:1      | Reached XP level 3. HP: 22/22 MP: 3/3
  1029 | D:2      | Noticed Sigmund
  1038 | D:2      | Noticed Jessica
  1050 | D:2      | HP: 1/22 [Jessica/nerve-wracking pain (2)]
  1053 | D:2      | Killed Sigmund
  1054 | D:2      | Reached skill level 6 in Ranged Weapons
  1054 | D:2      | Reached XP level 4. HP: 11/28 MP: 4/6
  1054 | D:2      | Reached XP level 5. HP: 12/32 MP: 4/7
  1054 | D:2      | Reached XP level 6. HP: 14/37 MP: 4/8
  1146 | D:2      | Killed Jessica
  2016 | D:3      | Found a glowing drain.
  2022 | Sewer    | Entered a sewer
  2363 | Sewer    | Slain by a bullfrog

Illustrated notes

Levels and vault maps discovered:
D:1:      dpeg_arrival_simpleton_b, layout_loops_ring
D:2:      layout_rooms, nicolae_houndstooth_variations, uniq_sigmund,
          uniq_jessica
D:3:      layout_loops_ring, mainiacjoe_overflow_paths,
          mainiacjoe_overflow_concentric_impassable, portal_sewer_entry_d,
          chequers_serial_rivers_small_a
Sewer:    sewer_minmay_w

Skill      XL: |  1  2  3  4  5  6 |
---------------+-------------------+-----
Evocations     | 1 3 |  3.7
Invocations    | 1 2 3 |  3.4
Fighting       | 3 |  3.4
Ranged Weapons | 6 |  6.2
Dodging        | 3 |  3.5
Stealth        | |  1.3

Action                     |  1- 3 |  4- 6 || total
---------------------------+-------+-------++-------
   Fire: Shortbow          |    81 |    96 ||   177
    Use: Scroll            |     3 |     4 ||     7
         Potion            |     1 |       ||     1
 Armour: Leather armour    |    15 |       ||    15
         Robe              |       |    40 ||    40
  Dodge: Dodged            |    26 |    80 ||   106
